 Dungeon Crawl Stone Soup version 0.21.1-1-g345015fe64 (webtiles) character file.

204 Gargoyl the Skirmisher (level 5, -3/45 HPs)
             Began as a Centaur Abyssal Knight on Apr 17, 2018.
             Was a Believer of Lugonu.
             Slain by an ogre
             ... wielding a +0 giant spiked club
              (24 damage)
             ... on level 4 of the Dungeon.
             The game lasted 00:06:06 (3503 turns).

Gargoyl the Skirmisher (Centaur Abyssal Knight)     Turns: 3503, Time: 00:06:07

Health: -3/45      AC: 11    Str: 15    XL:     5   Next: 52%
Magic:  7/7        EV:  8    Int: 11    God:    Lugonu [**....]
Gold:   89         SH:  2    Dex:  9    Spells: 4/4 levels left

rFire    + . .     SeeInvis .   a - +1 hand axe
rCold    . . .     Gourm    .   f - +0 buckler
rNeg     + . .     Faith    .   j - +2 ring mail {rF+}
rPois    .         Spirit   .   (no helmet)
rElec    .         Reflect  .   i - scarf {cloud immunity}
rCorr    .         Harm     .   e - +2 pair of gloves
MR       .....                  (no barding)
Stlth    ..........             (no amulet)
HPRegen  0.15/turn              l - ring of positive energy
MPRegen  0.10/turn              (no ring)

@: very quick
A: large, hooves 3, deformed body, speed 2, tough skin 3
a: Depart the Abyss, Bend Space, Renounce Religion


You were on level 4 of the Dungeon.
You worshipped Lugonu.
Lugonu was pleased with you.
You were hungry.

You visited 1 branch of the dungeon, and saw 4 of its levels.
You visited the Abyss 1 time.

You collected 89 gold pieces.

Inventory:

Hand Weapons
 a - a +1 hand axe (weapon)
Missiles
 n - 2 tomahawks (quivered)
Armour
 e - a +2 pair of gloves (worn)
 f - a +0 buckler (worn)
 i - a scarf of cloud immunity (worn)
 j - a +2 ring mail of fire resistance (worn)
Jewellery
 l - a ring of positive energy (left hand)
Scrolls
 d - 2 scrolls of identify
 k - a scroll of blinking {unknown}
 q - 2 scrolls of remove curse
Potions
 g - 2 potions of flight {unknown}
 h - a potion of degeneration {unknown}
 m - 3 potions of heal wounds {unknown}
 p - a potion of curing {unknown}
 r - a potion of brilliance {unknown}
Comestibles
 c - 8 rations


   Skills:
 + Level 3.5 Fighting
 + Level 3.5 Axes
 * Level 2.1 Armour
 + Level 1.6 Dodging
 * Level 3.1 Invocations


You had 4 spell levels left.
You didn't know any spells.

Dungeon Overview and Level Annotations

Branches:
Dungeon (4/15)
 Temple: D:4-7

Altars:
Makhleb
Yredelemnul


Innate Abilities, Weirdness & Mutations

You have hooves in place of feet.
Armour fits poorly on your strangely shaped body.
You cover ground very quickly.
You have extremely tough skin. (AC +3)


Message History

Aim: an ogre, wielding a giant spiked club (lightly wounded)
You throw a tomahawk. The tomahawk hits the ogre.
The ogre is moderately wounded.
The ogre hits you with a giant spiked club!
You barely miss the ogre. You kick the ogre.
The ogre is moderately wounded.
The ogre hits you with a giant spiked club.
You barely miss the ogre.
The ogre is moderately wounded.
You closely miss the ogre. You kick the ogre.
The ogre is heavily wounded.
The ogre hits you with a giant spiked club.
You completely miss the ogre.
The ogre is heavily wounded.
The ogre hits you with a giant spiked club!
You hit the ogre but do no damage.
The ogre is heavily wounded.
The ogre hits you with a giant spiked club!!
Ouch! That really hurt!
You die...

##+##
##...##
##<....##
#..@...$#
#...O.....#
+...(.....+
#...(..$..#
##.......##
##.....##
##.(.##
##+##


You could see an ogre.

Vanquished Creatures
  7 adders
  3 gnolls (D:2)
  An ooze (D:1)
  4 dart slugs
  3 worms
  3 leopard geckos
  9 orcs (D:3)
  A ball python (D:2)
  2 bats
  8 goblins
  7 hobgoblins
  10 jackals
  8 frilled lizards
  9 kobolds
  10 rats
85 creatures vanquished.

Notes
Turn   | Place    | Note
-------+----------+-------------------------------------------
     0 | Abyss:1  | Gargoyl the Centaur Abyssal Knight began the quest for the Orb.
     0 | Abyss:1  | Reached XP level 1. HP: 19/19 MP: 2/2
   135 | Abyss:3  | Noticed a golden eye
   136 | D:1      | Escaped the Abyss
   421 | D:1      | Reached * piety under Lugonu
   425 | D:1      | Reached XP level 2. HP: 11/26 MP: 3/3
  1205 | D:1      | Reached XP level 3. HP: 31/31 MP: 4/4
  1646 | D:2      | Reached skill level 1 in Dodging
  1756 | D:2      | Reached XP level 4. HP: 25/38 MP: 5/5
  2221 | D:2      | Reached ** piety under Lugonu
  2516 | D:2      | Reached XP level 5. HP: 40/45 MP: 7/7
  2657 | D:2      | Found a burning altar of Makhleb.
  3114 | D:3      | Found a basalt altar of Yredelemnul.
  3493 | D:4      | Noticed an ogre
  3503 | D:4      | Slain by an ogre

Skill      XL: |  1  2  3  4  5 |
---------------+----------------+-----
Axes           | 2 3 |  3.5
Dodging        | 1 |  1.6
Armour         | 2 |  2.1
Invocations    | 3 |  3.1
Fighting       | |  3.5

Action                   |  1- 3 |  4- 6 || total
-------------------------+-------+-------++-------
Melee: Hand axe          |   110 |   123 ||   233
       Kick              |    16 |    31 ||    47
Throw: Tomahawk          |       |     4 ||     4
Invok: Depart the Abyss  |     1 |       ||     1
  Use: Scroll            |     8 |     2 ||    10
  Eat: Chunk             |     2 |     4 ||     6
Armor: Leather armour    |    50 |     1 ||    51
       Ring mail         |       |    80 ||    80
Dodge: Dodged            |    49 |    57 ||   106
Block: Buckler           |    10 |    19 ||    29
